 Dungeon Crawl Stone Soup version 0.30-a0-739-gea05faddec (webtiles) character file.

Game seed: 11033124494719187638

107408 BubbleThief the Warrior (level 16, -9/143 HPs)
             Began as a Demonspawn Gladiator on Feb 5, 2023.
             Was an Initiate of Yredelemnul.
             Mangled by a bunyip (23 damage)
             ... on level 1 of the Swamp.
             The game lasted 00:52:41 (27331 turns).

BubbleThief the Warrior (Demonspawn Gladiator)     Turns: 27331, Time: 00:52:42

Health: -9/143     AC: 17    Str: 34    XL:     16   Next: 0%
Magic:  37/37      EV: 13    Int:  2    God:    Yredelemnul [......]
Gold:   83         SH:  0    Dex: 19    Spells: 15/15 levels left

rFire   + + .      SeeInvis +    W - +9 bardiche (drain)
rCold   + . .      Faith    .    (shield currently unavailable)
rNeg    + . .      Spirit   .    r - +4 Cigotuvi's embrace {Corpsefed rMiasma Drain rN+}
rPois   .          Reflect  .    N - +1 helmet "Hanwusep" {rF++ rC+ MP+9 Int-4}
rElec   .          Harm     .    (cloak unavailable)
rCorr   .          Rampage  +    Q - +1 pair of gloves {Stlth+}
Will    +....                    P - +2 pair of boots {rampage}
Stlth   ++                       B - amulet of regeneration
HPRegen 1.23/turn                s - +6 ring of strength
MPRegen 0.25/turn                G - ring "Meseisur" {Str+6 Int-3 Dex+3 Slay+4 SInv}

@: marked, slowed, very slow
A: molten scales 1, foul stench 2, powered by death 1, weakness stinger 3
a: Renounce Religion, Recall Undead Harvest


You were on level 1 of the Swamp.
You worshipped Yredelemnul.
Yredelemnul was most pleased with you.
You visited 5 branches of the dungeon, and saw 24 of its levels.
You also visited: Ossuary.

You collected 3171 gold pieces.
You spent 3088 gold pieces at shops.

Inventory:

Hand Weapons
 W - a +9 bardiche of draining (weapon)
Missiles
 c - 7 silver javelins
 d - 3 throwing nets (quivered)
 e - 4 javelins
Armour
 r - the +4 Cigotuvi's embrace (worn) {Corpsefed rMiasma Drain rN+}
   (You bought it in a shop on level 3 of the Dungeon)

   Corpsefed: It gathers nearby corpses to temporarily increase the armour it
   provides.
   rMiasma:   It protects you from foul pestilence.
   rN:        It protects you from negative energy.
   Drain:     It drains your maximum health when unequipped.
 K - a +0 pair of boots of flying
 N - the +1 helmet "Hanwusep" (worn) {rF++ rC+ MP+9 Int-4}
   (You bought it in a shop on level 2 of the Dungeon)

   Int:       It affects your intelligence (-4).
   rF:        It greatly protects you from fire.
   rC:        It protects you from cold.
   MP:        It affects your magic capacity (+9).
 P - a +2 pair of boots of rampaging (worn)
 Q - a +1 pair of gloves of stealth (worn)
 X - the +6 scale mail of the Spider Nest {rN+}
   (You found it on level 13 of the Dungeon)

   rN:        It protects you from negative energy.
Jewellery
 b - a ring of protection from cold
 s - a +6 ring of strength (left hand)
 B - an amulet of regeneration (around neck)
 G - the ring "Meseisur" (right hand) {Str+6 Int-3 Dex+3 Slay+4 SInv}
   (You found it on level 4 of the Lair of Beasts)

   [ring of slaying]

   Str:       It affects your strength (+6).
   Int:       It affects your intelligence (-3).
   Dex:       It affects your dexterity (+3).
   Slay:      It affects your accuracy & damage with ranged weapons and melee
   (+4).
   SInv:      It lets you see invisible.
 J - a ring of willpower
Wands
 p - a wand of acid (1)
 v - a wand of iceblast (3)
 y - a wand of digging (3)
 A - a wand of polymorph (12)
 I - a wand of paralysis (42)
Scrolls
 a - 7 scrolls of teleportation
 g - 2 scrolls of enchant weapon
 m - 2 scrolls of enchant armour
 n - 2 scrolls of identify
 o - a scroll of silence
 t - 3 scrolls of poison
 u - 6 scrolls of fear
 x - 6 scrolls of fog
 z - 2 scrolls of magic mapping
 D - 6 scrolls of vulnerability
 H - a scroll of blinking
 R - a scroll of butterflies
Potions
 f - 3 potions of cancellation
 h - 3 potions of berserk rage
 i - 10 potions of mutation
 j - 4 potions of flight
 k - 2 potions of lignification
 l - 7 potions of curing
 q - 5 potions of heal wounds
 w - 2 potions of resistance
 C - 2 potions of invisibility
 E - a potion of haste
 F - 3 potions of attraction
 L - a potion of brilliance
 M - a potion of might
 S - 3 potions of ambrosia
 T - 3 potions of magic {unknown}
 V - a potion of experience {unknown}


   Skills:
 - Level 17.6 Fighting
 + Level 17.2 Polearms
 - Level 1.7 Throwing
 - Level 3.9 Armour
 - Level 2.6 Dodging
 - Level 17.0 Invocations


You had 15 spell levels left.
You didn't know any spells.
Your spell library contained the following spells:

 Spells                   Type           Power      Damage    Failure   Level
 Beastly Appendage        Tmut           0%         N/A       56%         1
 Sandblast                Erth           0%         2d4       56%         1
 Cigotuvi's Dreadful Rot  Necr/Pois/Air  0%         N/A       71%         2
 Passwall                 Tmut/Erth      0%         N/A       71%         2
 Poisonous Vapours        Pois/Air       0%         N/A       71%         2
 Wereblood                Tmut           0%         N/A       71%         2
 Ignite Poison            Fire/Tmut/Pois 0%         N/A       91%         3
 Kindle Blastsparks       Fire/Tloc/Air  0%         2d10      91%         3
 Mephitic Cloud           Conj/Pois/Air  0%         N/A       91%         3
 Spider Form              Tmut/Pois      0%         N/A       91%         3
 Stone Arrow              Conj/Erth      0%         3d7       91%         3
 Tukima's Dance           Hex            0%         N/A       91%         3
 Airstrike                Air            0%         2d(0-16)  100%        4
 Animate Armour           Summ/Erth      0%         N/A       100%        4
 Passage of Golubria      Tloc           0%         N/A       100%        4
 Summon Ice Beast         Ice/Summ       0%         N/A       100%        4
 Summon Lightning Spire   Summ/Air       0%         N/A       100%        4
 Freezing Cloud           Conj/Ice/Air   0%         6-21      100%        5
 Lightning Bolt           Conj/Air       0%         1d11      100%        5
 Summon Mana Viper        Hex/Summ       0%         N/A       100%        5
 Yara's Violent Unravell  Hex/Tmut       0%         3d3       100%        5
 Malign Gateway           Summ/Tloc      0%         N/A       100%        7
 Monstrous Menagerie      Summ           0%         N/A       100%        7
 Lehudib's Crystal Spear  Conj/Erth      0%         10d2      100%        8
 Summon Horrible Things   Summ           0%         N/A       100%        8


Dungeon Overview and Level Annotations

Branches:
Dungeon (15/15)            Temple (0/1) D:6            Lair (5/5) D:9
  Swamp (1/4) Lair:3        Snake (1/4) Lair:3        Slime (0/5) Lair:4
    Orc (2/2) D:12            Elf (0/3) Orc:2        Vaults (0/5) D:13
 Depths (0/4) D:15        Ossuary (visited)

Altars:
Cheibriados
Fedhas
Gozag
Nemelex Xobeh
Okawaru
Uskayaw
Wu Jian
Xom
Yredelemnul
Jiyva

Shops:
D:1 [   D:2 [   D:3 [   D:6 [   D:12 *   Orc:2 !*??

Portals:
Trove: D:14 (give +1 pearl dragon scales)

Annotations:
Lair:4 1 runed translucent door


Innate Abilities, Weirdness & Mutations

You are partially covered in molten scales. (AC +2)
You sometimes emit foul miasma when damaged in melee.
You regenerate a little health from kills.
You have a sharp stinger which inflicts weakening toxins.


Message History

The foxfire dissipates!
The will-o-the-wisp gestures.
The will-o-the-wisp conjures some foxfire!
A foxfire comes into view.
You enter the shallow water.
Moving in this stuff is going to be slow.
A foxfire comes into view.
A spriggan druid comes into view. It is wielding a +0 quarterstaff.
The foxfire hits you. You resist.
A spriggan rider comes into view. It is wielding a +0 spear.
You enter the shallow water.
Moving in this stuff is going to be slow.
The spriggan druid enters a dispersal trap!
The spriggan rider blinks!
You blink.
Splash!
Found 19 gold pieces.
The spriggan rider completely misses you.
As you read the scroll of teleportation, it crumbles to dust.
You feel strangely unstable. The spriggan rider barely misses you.
A vampire mosquito comes into view.
The spriggan rider hits you from afar with a +0 spear!!
* * * LOW HITPOINT WARNING * * *
Your surroundings suddenly seem different. 3 spriggans, a bunyip, a vampire mosquito and a will-o-the-wisp come into view.
A vampire mosquito comes into view.
The bunyip howls a warning cry!
The will-o-the-wisp gestures.
The will-o-the-wisp conjures some foxfire!
The spriggan rider hits you with a +0 spear!
* * * LOW HITPOINT WARNING * * *
You emit a cloud of foul miasma!
The spriggan rider hits you but does no damage.
The spriggan rider hits you with a +0 spear!
* * * LOW HITPOINT WARNING * * *
The spriggan rider is engulfed in dark miasma.
The spriggan rider is poisoned.
The spriggan rider seems to slow down.
The spriggan rider barely misses you.
An eight-headed hydra comes into view.
The bunyip claws you!!
You die...
Your body rises from the dead as a mindless zombie.

~.♣♣.♣v~♣♣♣.i§§§♣♣♣♣~.....♣♣
♣ . ♣♣.~.♣
♣.~....♣♣.~♣.♣~~.♣.♣ ♣♣..♣
♣.i.♣~..~~~~.~~~.♣~♣ ♣♣..
♣~♣yv~~~~~.~~..~..~♣ ♣.
~~~~~v^♣~.~~.~~~.~~.♣
♣♣§.♣v..~~.if~~~§.§~.♣
....♣~.~y....~♣~~~~~~♣
D~yiv~xi~~♣~§~~~....~$.♣
♣♣~.i@~~♣.~~~~~..♣♣...
♣♣♣♣♣.~...~..~~♣♣ .♣
♣.♣♣♣♣♣♣♣♣♣ ♣ ♣♣


You could see a shambling mangrove, a bunyip, an eight-headed hydra, 4 spriggan
riders, a spriggan druid, 2 will-o-the-wisps and 3 vampire mosquitoes.

Vanquished Creatures
  An orc warlord (Orc:1)
  A hydra (Swamp:1)
  2 vault guards
  A death knight (D:14)
  2 centaur warriors (D:13)
  A catoblepas (D:14)
  6 boulder beetles
  6 two-headed ogres
  2 naga warriors (Snake:1)
  2 death yaks (Lair:5)
  A shock serpent (Snake:1)
  Urug (D:12)
  2 orc high priests (Orc:2)
  Lodul (D:13)
  9 skeletal warriors
  A bog body (Swamp:1)
  A naga ritualist (Snake:1)
  4 spriggan riders
  9 slime creatures
  A phantasmal warrior (D:15)
  3 orc knights
  3 lindwurms (Lair:4)
  2 wolf spiders (Lair:4)
  A mana viper (Snake:1)
  19 ugly things
  4 orc sorcerers (Orc:2)
  4 cyclopes
  A manticore (D:13)
  A salamander (Snake:1)
  10 elephants
  13 black mambas
  3 gargoyles (D:10)
  3 komodo dragons
  6 cane toads
  An efreet (D:15)
  3 freezing wraiths (D:14)
  An unseen horror (D:11)
  3 rime drakes
  8 trolls
  6 polar bears
  9 blink frogs
  4 hornets
  A dream sheep (Lair:5)
  Sigmund (D:4)
  9 spriggans (Lair:5)
  A vampire (D:10)
  45 yaks
  2 wyverns (Lair:1)
  6 wraiths
  3 shadows
  2 basilisks
  2 redbacks (Lair:4)
  2 steam dragons
  6 vampire mosquitoes
  2 wargs (Orc:2)
  2 nagas (Snake:1)
  3 swamp worms
  6 water moccasins
  An acid dragon (D:9)
  A swamp drake (Swamp:1)
  7 ice beasts
  30 orc warriors
  3 black bears
  A sky beast (D:6)
  6 boggarts
  10 centaurs
  17 wolves
  10 ogres
  A phantom (D:6)
  15 bullfrogs
  2 kobold brigands
  A necrophage (D:4)
  3 gnoll sergeants
  3 scorpions
  6 wights
  3 killer bees (D:8)
  A howler monkey (D:12)
  A jelly (D:5)
  A lava snake (Lair:4)
  5 hounds
  17 orc priests
  3 iguanas
  Natasha (thrice) (D:2)
  24 orc wizards
  8 mummies (Ossuary)
  21 gnolls
  7 adders
  A white imp (D:6)
  2 worms
  2 dart slugs (D:1)
  78 orcs
  11 endoplasms
  3 giant cockroaches
  16 goblins
  13 hobgoblins
  4 quokkas
  6 ball pythons
  6 bats
  5 hobgoblin zombies (Ossuary)
  19 kobolds
  3 kobold zombies (Ossuary)
  12 rats
647 creatures vanquished.

Vanquished Creatures (collateral kills)
  2 hydras
  Erica (Lair:1)
  An ogre mage (D:14)
  3 death yaks (Lair:5)
  2 two-headed ogres
  A storm dragon zombie (D:15)
  An orc high priest (Orc:2)
  3 skeletal warriors
  A necromancer (D:15)
  3 orc knights (Orc:2)
  2 ugly things (D:14)
  A fire giant zombie (D:15)
  A frost giant zombie (D:15)
  2 elephants
  A black mamba (Lair:2)
  4 cane toads
  3 komodo dragons
  A spriggan zombie (D:15)
  4 hornets (Lair:5)
  3 polar bears (Lair:5)
  4 blink frogs
  A culicivora (shapeshifter) (D:8)
  A slime creature (D:15)
  5 spriggans (Lair:5)
  A wyvern (Lair:4)
  8 yaks
  An acid dragon (D:9)
  10 water moccasins
  4 orc warriors
  2 ice beasts (D:9)
  4 ogres (D:13)
  10 wolves
  3 centaurs
  5 bullfrogs
  A gnoll sergeant (D:13)
  2 jellies
  A lava snake (Lair:4)
  2 orc priests (Orc:2)
  5 orc wizards (Orc:2)
  3 gnolls (D:13)
  14 orcs
  A goblin (D:12)
128 creatures vanquished.

Vanquished Creatures (others)
  2 ugly thing zombies (D:14)
  An unseen horror zombie (D:11)
  2 black mamba zombies (Snake:1)
  5 spriggan zombies
  A slime creature zombie (D:12)
  2 two-headed ogre zombies
  A human zombie (D:14)
  A cane toad zombie (Lair:2)
  2 hornet zombies (Lair:5)
  A manticore zombie (D:13)
  An elephant zombie (Lair:4)
  3 blink frog zombies (Lair:5)
  A rime drake zombie (D:9)
  A salamander zombie (Snake:1)
  A cyclops zombie (D:8)
  A water moccasin zombie (D:6)
  2 troll zombies
  2 polar bear zombies
  7 yak zombies
  8 wolf zombies
  4 centaur zombies (D:13)
  4 bullfrog zombies
  2 boggart zombies (D:15)
  A scorpion zombie (D:6)
  A killer bee zombie (D:8)
  2 ice beast zombies (D:9)
  3 ogre zombies
  A steam dragon zombie (D:8)
  A spectral white imp (D:6)
  4 gnoll zombies
  A goblin zombie (D:12)
  A hobgoblin zombie (D:12)
  A kobold zombie (D:9)
  47 orc zombies
  6 foxfires (Swamp:1)
  36 fungi
  61 plants
  11 withered plants (D:15)
232 creatures vanquished.

Grand Total: 1007 creatures vanquished

Notes
Turn   | Place    | Note
-------+----------+-------------------------------------------
     0 | D:1      | BubbleThief the Demonspawn Gladiator began the quest for
                  | the Orb.
     0 | D:1      | Reached XP level 1. HP: 16/16 MP: 1/1
    46 | D:1      | Found a faded altar of an unknown god.
   119 | D:1      | Gained mutation: You may rarely emit foul miasma when
                  | damaged in melee. [demonic ancestry]
   119 | D:1      | Reached XP level 2. HP: 11/22 MP: 2/2
   487 | D:1      | Found Utreenuc's Armour Shop.
   495 | D:1      | Gained mutation: You are partially covered in molten
                  | scales. (AC +2) [demonic ancestry]
   495 | D:1      | Reached XP level 3. HP: 28/28 MP: 3/3
  1296 | D:2      | Noticed Natasha
  1306 | D:2      | Killed Natasha
  1307 | D:2      | Reached XP level 4. HP: 25/35 MP: 4/4
  1409 | D:2      | Noticed Natasha
  1418 | D:2      | Killed Natasha
  1423 | D:2      | Noticed Natasha
  1435 | D:2      | Killed Natasha
  1436 | D:2      | Gained mutation: You sometimes emit foul miasma when
                  | damaged in melee. [demonic ancestry]
  1436 | D:2      | Reached XP level 5. HP: 22/41 MP: 5/5
  2093 | D:2      | Found Xaoteora's Armour Shop.
  2176 | D:3      | Found Yriec's Antique Armour Shop.
  3028 | D:3      | Found an opulent altar of Gozag.
  3180 | D:3      | Reached skill level 5 in Polearms
  3491 | D:4      | Noticed a centaur
  3496 | D:4      | Noticed Sigmund
  3681 | D:4      | Reached XP level 6. HP: 32/48 MP: 6/6
  3831 | D:4      | Identified the +7 spear of Ovvuakhi {drain, Str+3 Dex+6}
  3902 | D:4      | Identified the +6 hand axe of Contention {drain, rElec}
  4071 | D:4      | Reached XP level 7. HP: 41/55 MP: 7/7
  4086 | D:4      | Reached skill level 5 in Fighting
  4519 | D:4      | Killed Sigmund
  4565 | D:5      | Entered Level 5 of the Dungeon
  4596 | D:5      | Reached XP level 8. HP: 63/63 MP: 8/8
  5303 | D:5      | Found a basalt altar of Yredelemnul.
  5303 | D:5      | Found an iron altar of Okawaru.
  5307 | D:5      | Became a worshipper of Yredelemnul the Dark
  5395 | D:6      | Found a sand-covered staircase.
  5411 | Ossuary  | Entered an ossuary
  5741 | D:6      | Reached * piety under Yredelemnul
  5804 | D:6      | Gained mutation: You have a small tail. [demonic ancestry]
  5804 | D:6      | Reached XP level 9. HP: 57/72 MP: 9/9
  5854 | D:6      | Reached ** piety under Yredelemnul
  6358 | D:6      | Found a staircase to the Ecumenical Temple.
  6372 | D:6      | Found a sparkling altar of Nemelex Xobeh.
  6412 | D:6      | Found Zime's Antique Armour Shoppe.
  6421 | D:6      | Bought a pair of glowing boots for 142 gold pieces
  6686 | D:7      | Reached skill level 10 in Polearms
  6788 | D:7      | Reached *** piety under Yredelemnul
  7241 | D:7      | Found a shimmering altar of Xom.
  7247 | D:7      | Reached **** piety under Yredelemnul
  7478 | D:8      | Reached XP level 10. HP: 82/82 MP: 10/10
  7494 | D:8      | Noticed a two-headed ogre
  7505 | D:8      | Killed a two-headed ogre
  7779 | D:8      | Noticed a cyclops
  7788 | D:8      | Killed a cyclops
  8063 | D:8      | Reached skill level 10 in Fighting
  8361 | D:8      | Noticed a red ugly thing
  8381 | D:8      | Killed a red ugly thing
  8476 | D:9      | Noticed a two-headed ogre
  8557 | D:9      | Noticed a two-headed ogre
  8564 | D:9      | Killed a two-headed ogre
  8722 | D:9      | Gained mutation: You have a tail ending in a sharp stinger.
                  | [demonic ancestry]
  8722 | D:9      | Reached XP level 11. HP: 76/93 MP: 11/11
  8756 | D:9      | Killed a two-headed ogre
  8770 | D:9      | Reached skill level 1 in Invocations
  8831 | D:9      | Found a staircase to the Lair.
  8841 | D:9      | Identified the +5 leather armour of Plasticity {Dex+4}
  9198 | D:9      | Reached skill level 5 in Invocations
  9874 | D:3      | Bought a pair of embroidered boots for 247 gold pieces
  9874 | D:3      | Bought a pair of embroidered gloves for 247 gold pieces
 10012 | Lair:1   | Entered Level 1 of the Lair of Beasts
 10619 | Lair:1   | Noticed Erica
 10633 | Lair:1   | Killed Erica
 11182 | Lair:2   | Gained mutation: You have a sharp stinger which inflicts
                  | weakening toxins. [demonic ancestry]
 11182 | Lair:2   | Reached XP level 12. HP: 106/106 MP: 18/18
 11476 | Lair:2   | Found a snail-covered altar of Cheibriados.
 11542 | Lair:2   | Reached ***** piety under Yredelemnul
 11632 | Lair:2   | Noticed a five-headed hydra
 11641 | Lair:2   | Killed a five-headed hydra
 11776 | Lair:2   | Reached skill level 10 in Invocations
 12526 | Lair:3   | Reached skill level 15 in Fighting
 12705 | Lair:3   | Found a staircase to the Snake Pit.
 12776 | Lair:3   | Found a blossoming altar of Fedhas.
 12804 | Lair:3   | Found a hide-covered altar of Uskayaw.
 12804 | Lair:3   | Found an ornate altar of the Wu Jian Council.
 12804 | Lair:3   | Noticed a boulder beetle
 12824 | Lair:3   | Killed a boulder beetle
 13342 | Lair:3   | Found a staircase to the Swamp.
 13515 | Lair:4   | Reached XP level 13. HP: 114/116 MP: 22/22
 13601 | Lair:4   | Found a runed translucent door.
 13656 | Lair:4   | Identified the +0 whip of the Egg {drain, rF- Str+2 Dex+6
                  | Stlth+}
 14057 | Lair:4   | Found a runed translucent door.
 14057 | Lair:4   | Noticed an acid blob
 14058 | Lair:4   | Found a viscous altar of Jiyva.
 14059 | Lair:4   | Found a staircase to the Slime Pits.
 14425 | Lair:5   | Entered Level 5 of the Lair of Beasts
 14851 | Lair:5   | Reached ****** piety under Yredelemnul
 14870 | Lair:5   | Reached skill level 15 in Invocations
 15973 | Lair:4   | Reached XP level 14. HP: 109/128 MP: 24/26
 15985 | Lair:4   | Found a runed translucent gate.
 15985 | Lair:4   | Identified the +1 hat of Card Tricks {Will+ Int+2 Dex-3}
 15986 | Lair:4   | Found a runed translucent gate.
 15986 | Lair:4   | Identified the +7 whip "Vylazel" {antimagic, *Slow rElec
                  | Dex+9}
 16045 | Lair:4   | Found a runed translucent gate.
 16045 | Lair:4   | Found a runed translucent gate.
 16045 | Lair:4   | Found a runed translucent gate.
 16046 | Lair:4   | Found a runed translucent gate.
 16167 | D:10     | Entered Level 10 of the Dungeon
 17208 | D:11     | Reached skill level 1 in Armour
 18253 | D:12     | Found Wemomag's Pet Rocks.
 18484 | D:12     | Found a staircase to the Orcish Mines.
 19062 | Orc:1    | Entered Level 1 of the Orcish Mines
 19090 | Orc:1    | Noticed an orc warlord
 19110 | Orc:1    | Noticed Urug
 19121 | Orc:1    | Killed an orc warlord
 19420 | D:13     | Identified the +6 scale mail of the Spider Nest {rN+}
 19864 | D:2      | Bought the +1 helmet "Hanwusep" {rF++ rC+ MP+9 Int-4} for
                  | 618 gold pieces
 20224 | D:12     | Killed Urug
 20555 | Orc:2    | Entered Level 2 of the Orcish Mines
 21023 | Orc:2    | Found a staircase to the Elven Halls.
 21508 | Orc:2    | Found Bygiynku's Distillery.
 21508 | Orc:2    | Found Axky's Magic Scroll Emporium.
 21606 | Orc:2    | Found Sumu's General Store.
 21606 | Orc:2    | Found Belimiud's Magic Scroll Emporium.
 22388 | D:13     | Found a gate to the Vaults.
 22727 | D:13     | Noticed Lodul
 22738 | D:13     | Killed Lodul
 22742 | D:13     | Gained mutation: You regenerate a little health from kills.
                  | [demonic ancestry]
 22742 | D:13     | Reached XP level 15. HP: 65/135 MP: 27/27
 23365 | D:14     | You fall into a shaft and drop 1 floor!
 23365 | D:15     | Entered Level 15 of the Dungeon
 23849 | D:14     | Found a portal to a secret trove of treasure.
 23958 | D:14     | Reached skill level 15 in Polearms
 24902 | D:15     | Found a staircase to the Depths.
 25768 | Lair:4   | Identified the ring "Meseisur" {Str+6 Int-3 Dex+3 Slay+4
                  | SInv}
 26001 | D:3      | Bought the +4 Cigotuvi's embrace {Corpsefed rMiasma Drain
                  | rN+} for 910 gold pieces
 26001 | D:3      | Found the +4 Cigotuvi's embrace {Corpsefed rMiasma Drain
                  | rN+}
 26001 | D:3      | Bought a warped plate armour for 924 gold pieces
 26001 | D:3      | Identified the +5 plate armour of Fedhas's Generosity
                  | {Int+5} (You bought it in a shop on level 3 of the Dungeon)
 26233 | Swamp:1  | Entered Level 1 of the Swamp
 26401 | Snake:1  | Entered Level 1 of the Snake Pit
 27309 | Swamp:1  | Reached XP level 16. HP: 142/143 MP: 28/28
 27331 | Swamp:1  | Mangled by a bunyip

Illustrated notes

Levels and vault maps discovered:
D:1:      nzn_arrival_settlement, layout_basic, basic_ecumenical_altar,
          serial_shops, nicolae_shop_statue_plus, minmay_rat_gold_closets
D:2:      layout_basic, serial_shops, nicolae_shop_trees, uniq_natasha
D:3:      layout_basic, mainiacjoe_overflow_tiny_flanked, serial_aquarium,
          aquarium_bridge_long_separate [aquarium_subvault_wall,
          aquarium_subvault_balcony, aquarium_subvault_bridge,
          aquarium_subvault_bridge, aquarium_subvault_bridge,
          aquarium_subvault_wall], aquarium_window_corridor_3,
          aquarium_window_1, aquarium_view_2a, serial_shops, nicolae_shop_stone,
          patterned_corridor
D:4:      minmay_opposing_rooms, layout_loops_ring, uniq_sigmund
D:5:      layout_basic, mainiacjoe_overflow_divided_tiny, minmay_fountain_box
D:6:      layout_layer_cave, kennysheep_mini, minmay_temple_entry_from_below_a,
          lightli_ossuary_entry_decrepit_ruins, serial_shops,
          nicolae_lakefront_shop, minmay_increasing_density
D:7:      layout_loops_cross, lemuel_coloured_pillars_altar
D:8:      kennysheep_blocky_room, layout_basic, minivault_1, minmay_small_thing
D:9:      layout_basic, elyvilon_altar_3, hellmonk_lair_entry_icy
D:10:     layout_roguey
D:11:     layout_irregular_city
D:12:     layout_stronghold, erik_orc_3, guppyfry_shop_earth
D:13:     layout_roguey [special_room_orc], david_vaults_5, serial_corexii_hall,
          corexii_hall_statues_t, chequers_hall_statues_corner_a,
          corexii_hall_statues_i, corexii_hall_statues_i,
          corexii_hall_statues_t, chequers_hall_statues_corner_a,
          corexii_checkpoint_a, uniq_lodul
D:14:     layout_roguey, enter_trove_5, roderic_lattice_octagonal_star
D:15:     gammafunk_depths_entry_grave, layout_loops_ring,
          minmay_misc_feat_diagonals
Lair:1:   layout_chaotic_city, beast_lair_carwin_7, uniq_erica
Lair:2:   layout_cave_pods, basic_altar, st_stairs_6, grunt_megastairs_5
Lair:3:   layout_regular_city, minmay_swamp_entry_worms,
          minmay_snake_entry_six_corridors, basic_altar,
          nzn_masters_of_martial_movement, lemuel_fruit_fields
Lair:4:   gammafunk_indiana_jones, layout_loops_ring, slime_entry_2,
          grunt_megastairs_4
Lair:5:   minmay_lair_end_enchanted_forest, layout_hall_layers, minivault_25,
          serial_bayou_shore_b
Swamp:1:  layout_falls_marsh, nicolae_swamp_bean_lake
Snake:1:  layout_chambers, grunt_megastairs_1, uniq_azrael
Orc:1:    layout_caves, library_closet, uniq_urug
Orc:2:    grunt_orc_tribal_feast, layout_caves, hellmonk_bongcloud_opening,
          mines4_lemuel

Skill      XL: |  1  2  3  4  5  6  7  8  9 10 11 12 13 14 15 |
---------------+----------------------------------------------+-----
Polearms       | 3 4 5 6 7 9 11 12 13 17 | 17.2
Fighting       | 3 4 5 7 8 11 13 15 17 | 17.6
Invocations    | 8 12 16 17 | 17.0
Armour         | 3 |  3.9
Throwing       | |  1.7
Dodging        | |  2.6

Action                     |  1- 3 |  4- 6 |  7- 9 | 10-12 | 13-15 | 16-18 || total
---------------------------+-------+-------+-------+-------+-------+-------++-------
  Melee: Trident           |   144 |   121 |       |       |       |       ||   265
         Punch             |     1 |     1 |     1 |    11 |     5 |       ||    19
         Spear             |       |    34 |   276 |   553 |   815 |       ||  1678
         Tailslap          |       |       |    11 |    93 |   169 |       ||   273
         Bardiche          |       |       |       |       |   365 |       ||   365
  Throw: Throwing net      |     1 |       |       |       |       |       ||     1
 Invoke: Dark Bargain      |       |       |       |     4 |    15 |       ||    19
         Recall Undead Har |       |       |       |       |     5 |       ||     5
         Drain Life        |       |       |       |       |     3 |       ||     3
  Evoke: Wand              |       |     1 |       |     2 |     9 |       ||    12
    Use: Scroll            |       |     8 |     2 |       |    34 |     2 ||    46
         Potion            |       |       |       |       |     3 |       ||     3
   Stab: Sleeping          |    10 |     4 |       |    11 |    14 |       ||    39
         Distracted        |       |     1 |       |    11 |    14 |       ||    26
 Armour: Leather armour    |    35 |    24 |     1 |    66 |   148 |     2 ||   276
         Chain mail        |       |       |    81 |    32 |       |       ||   113
         Scale mail        |       |       |       |       |   109 |       ||   109
         Plate armour      |       |       |       |       |     8 |       ||     8
  Dodge: Dodged            |    69 |    76 |    66 |   102 |   309 |     4 ||   626

Table legend: (Time is in decaauts)
 A = Elapsed time spent in this place.
 B = Non-inter-level travel time spent in this place.
 C = Inter-level travel time spent in this place.
 D = Time resting spent in this place.
 E = Time spent auto-exploring this place.
 F = Levels seen in this place.
 G = Mean time per level.
                   A        B        C        D        E       F      G
               +--------+--------+--------+--------+--------+-----+--------+
         Total |  26621 |  24072 |   2549 |   1184 |  18759 |  25 | 1064.8 |
       Dungeon |  17370 |  15448 |   1922 |    744 |  12166 |  15 | 1158.0 |
          Lair |   6349 |   5774 |    575 |    327 |   4567 |   5 | 1269.8 |
         Swamp |    135 |    133 |      2 |     30 |     15 |   1 |  135.0 |
     Snake Pit |    753 |    753 |      0 |      0 |    630 |   1 |  753.0 |
  Orcish Mines |   1749 |   1701 |     48 |     83 |   1195 |   2 |  874.5 |
       Ossuary |    262 |    262 |      0 |      0 |    186 |   1 |  262.0 |
               +--------+--------+--------+--------+--------+-----+--------+

Top non-repeatable levels by time:
    D:12: 1496 daAuts
  Lair:2: 1490 daAuts
     D:3: 1478 daAuts
    D:13: 1472 daAuts
    D:14: 1372 daAuts
  Lair:5: 1341 daAuts
  Lair:3: 1339 daAuts
     D:2: 1327 daAuts
     D:9: 1253 daAuts
     D:6: 1220 daAuts
   Orc:2: 1214 daAuts
  Lair:4: 1185 daAuts
     D:8: 1105 daAuts
     D:4: 1077 daAuts
    D:10: 1049 daAuts
